 Dungeon Crawl Stone Soup version 0.30-a0-321-gf7783e6616 (webtiles) character file.

Game seed: 10131689234173472629

9705 Bnni the Basher (level 12, -1/77 HPs)
             Began as a Meteoran Fighter on Oct 26, 2022.
             Was a High Priest of Okawaru.
             Killed from afar by a rime drake (26 damage)
             ... with a flash freeze
             ... in an ice cave.
             The game lasted 00:32:06 (5131 turns).

Bnni the Basher (Meteoran Fighter)                  Turns: 5131, Time: 00:32:07

Health: -1/77      AC: 19    Str: 29    XL:     12   Next: 9%
Magic:  19/20      EV:  8    Int: 20    God:    Okawaru [*****.]
Gold:   890        SH: 17    Dex: 10    Spells: 11/11 levels left

rFire   + . .      SeeInvis .    e - +1 flail (vorpal)
rCold   . . .      Faith    .    B - +0 kite shield
rNeg    + . .      Spirit   .    G - +0 plate armour
rPois   .          Reflect  +    c - +1 helmet
rElec   .          Harm     .    y - +0 cloak
rCorr   .          Rampage  .    q - +0 pair of gloves
Will    +....                    (no boots)
Stlth   ..........               M - amulet of Etwufreoq {Reflect +Blink SH+5}
HPRegen 0.32/turn                L - ring "Kitaifenue" {rF+ Str+6 Dex-3 Stlth+}
MPRegen 0.17/turn                J - ring of the Marlin {rN+ Int+9 Stlth+}

@: heroic, glowing
A: sense surroundings 2, otherworldly, glowing, explore regen
a: Renounce Religion, Evoke Blink, Heroism, Finesse, Duel


You were in an ice cave.
You worshipped Okawaru.
Okawaru was extremely pleased with you.
You visited 3 branches of the dungeon, and saw 10 of its levels.
You also visited: Ice Cave.

You collected 994 gold pieces.
You spent 104 gold pieces at shops.

Inventory:

Hand Weapons
 e - a +1 vorpal flail (weapon)
 w - a +0 dagger of venom
Missiles
 k - 15 poisoned darts
 z - 3 curare-tipped darts
 H - 6 boomerangs (quivered)
 N - a javelin
Armour
 c - a +1 helmet (worn)
 q - a +0 pair of gloves (worn)
 y - a +0 cloak (worn)
 B - a +0 kite shield (worn)
 G - a +0 plate armour (worn)
Jewellery
 E - an amulet of regeneration
 F - an amulet of the acrobat
 I - a ring of protection from cold
 J - the ring of the Marlin (right hand) {rN+ Int+9 Stlth+}
   (You took it off an orc warrior on level 7 of the Dungeon)

   [ring of positive energy]

   Int:       It affects your intelligence (+9).
   rN:        It protects you from negative energy.
   Stlth:     It makes you more stealthy.
 K - the ring "Asaquteo" {Will+ rCorr}
   (You found it on level 7 of the Dungeon)

   [ring of willpower]

   rCorr:     It protects you from acid and corrosion.
   Will:      It increases your willpower.
 L - the ring "Kitaifenue" (left hand) {rF+ Str+6 Dex-3 Stlth+}
   (You found it on level 7 of the Dungeon)

   [ring of strength]

   Str:       It affects your strength (+6).
   Dex:       It affects your dexterity (-3).
   rF:        It protects you from fire.
   Stlth:     It makes you more stealthy.
 M - the amulet of Etwufreoq (around neck) {Reflect +Blink SH+5}
   (You found it on level 7 of the Dungeon)

   [amulet of reflection]

   It reflects blocked missile attacks.
   +Blink:    It lets you blink.
   SH:        It affects your SH (+5).
Wands
 t - a wand of paralysis (10)
Scrolls
 f - 4 scrolls of enchant armour {unknown}
 g - a scroll of magic mapping
 l - 3 scrolls of fear {unknown}
 n - 4 scrolls of immolation
 o - 2 scrolls of butterflies {unknown}
 r - 3 scrolls of vulnerability
 s - 5 scrolls of poison
 u - 6 scrolls of teleportation {unknown}
Potions
 a - a potion of brilliance
 b - a potion of degeneration {unknown}
 d - a potion of might
 h - a potion of resistance
 i - 3 potions of haste {unknown}
 j - 3 potions of curing
 m - a potion of cancellation
 p - 2 potions of flight {unknown}
 v - 2 potions of mutation
 x - 3 potions of attraction {unknown}
 A - 2 potions of heal wounds
 C - 2 potions of lignification
 D - a potion of ambrosia {unknown}


   Skills:
 + Level 10.5(15.5) Fighting
 - Level 14.0(19.0) Maces & Flails
 * Level 4.6(9.6) Armour
 - Level 10.0(15.0) Shields
 + Level 9.7 Invocations


You had 11 spell levels left.
You didn't know any spells.
Your spell library contained the following spells:

 Spells                   Type           Power      Damage    Failure   Level
 Apportation              Tloc           0%         N/A       95%         1
 Magic Dart               Conj           0%         1d3       95%         1
 Necrotise                Necr           0%         1d4       95%         1
 Blink                    Tloc           0%         N/A       99%         2
 Dazzling Flash           Conj/Hex       0%         N/A       100%        3
 Gell's Gravitas          Tloc           0%         N/A       100%        3
 Kindle Blastsparks       Fire/Tloc/Air  0%         2d10      100%        3
 Lesser Beckoning         Tloc           0%         N/A       100%        3
 Mephitic Cloud           Conj/Pois/Air  0%         N/A       100%        3
 Portal Projectile        Hex/Tloc       0%         N/A       100%        3
 Teleport Other           Tloc           0%         N/A       100%        3
 Vampiric Draining        Necr           0%         2d6       100%        3
 Fulminant Prism          Conj/Hex       0%         3d6       100%        4
 Iskenderun's Mystic Bla  Conj/Tloc      0%         2d3       100%        4
 Leda's Liquefaction      Hex/Erth       0%         N/A       100%        4
 Manifold Assault         Tloc           0%         N/A       100%        4
 Passage of Golubria      Tloc           0%         N/A       100%        4
 Agony                    Necr           0%         N/A       100%        5
 Lee's Rapid Deconstruct  Erth           0%         3d4*      100%        5
 Silence                  Hex/Air        0%         N/A       100%        5
 Storm Form               Tmut/Air       0%         N/A       100%        7
 Summon Small Mammal      Summ           Unusable   N/A       N/A         1
 Call Imp                 Summ           Unusable   N/A       N/A         2
 Call Canine Familiar     Summ           Unusable   N/A       N/A         3
 Summon Guardian Golem    Hex/Summ       Unusable   N/A       N/A         3
 Animate Armour           Summ/Erth      Unusable   N/A       N/A         4

Dungeon Overview and Level Annotations

Branches:
Dungeon (8/15) Zot: 404    Temple (1/1) D:5 Zot: 457    Lair (1/5) D:8 Zot: 568
  IceCv (1/1) Zot: 506

Altars:
Ashenzari
Cheibriados
Elyvilon
Gozag
Hepliaklqana
Kikubaaqudgha
Okawaru
Ru
Sif Muna
Trog
Vehumet
Wu Jian
Xom
Zin

Shops:
D:2 !   D:6 (   D:7 *


Innate Abilities, Weirdness & Mutations

You passively map the area around you.
You are easily found by Zot.
You glow in the dark.
You regain HP and MP as you explore.


Message History

Okawaru accepts your kill.
You are engulfed in freezing vapours.
You are engulfed in freezing vapours.
Your hands slow down.
A wolf and a rime drake come into view.
The wolf howls!
The rime drake hisses angrily.
You hear a howl!
The wolf bites you but does no damage.
You completely miss the wolf. You block the wolf's attack.
The rime drake breathes ice at you. The flash freeze hits you!
You are encased in ice.
The wolf bites you but does no damage.
You closely miss the rime drake. You block the wolf's attack.
You block the rime drake's attack.
You miss the rime drake. The wolf bites you!
* * * LOW HITPOINT WARNING * * *
You block the rime drake's attack.
The rime drake attacks as you move away!
You block the rime drake's attack. You block the wolf's attack. x2
You gain the combat prowess of a mighty hero.
The ice encasing you melts away. You block the wolf's attack.
You barely miss the wolf. You block the wolf's attack. x2
You bludgeon the wolf!!
You kill the wolf!
Okawaru accepts your kill.
You hit the rime drake.
The rime drake is lightly wounded.
The rime drake bites you but does no damage.
You hit the rime drake but do no damage.
The rime drake is lightly wounded.
You block the rime drake's attack.
You hit the rime drake but do no damage.
The rime drake is lightly wounded.
You block the rime drake's attack.
You thump the rime drake!
The rime drake is severely wounded.
The rime drake breathes ice at you. The flash freeze hits you!!
You die...

### #....## , ##.#
#..... ## *
#..###....####.
##..°###....##.. ,
##...°°##.....†.#
,*
##......##......##
#..##.....#...###
* *
##.###........##
** #.@#
##........# ,*
#k## #.......## *
, #..# ##.....##
..## #....## *
#..# ##..## ,
*#..# #### ..##
,.# .#


You could see a rime drake (catching breath).

Vanquished Creatures
  A death yak (IceCv)
  Joseph (D:8)
  An ice statue (IceCv)
  A komodo dragon (D:7)
  2 rime drakes (IceCv)
  A troll (D:7)
  3 polar bears (IceCv)
  Sigmund (D:2)
  3 yaks
  A wraith (D:7)
  2 wyverns (D:7)
  A steam dragon (D:8)
  2 vampire mosquitoes (D:7)
  2 wargs (D:8)
  A death yak simulacrum (Lair:1)
  Edmund (D:4)
  4 water moccasins
  An acid dragon (D:7)
  2 ice beasts
  2 orc warriors
  3 sky beasts
  2 black bears
  3 ogres
  5 wolves (IceCv)
  3 centaurs
  A phantom (D:4)
  3 bullfrogs
  2 kobold brigands
  A necrophage (D:6)
  8 scorpions
  8 wights (D:7)
  An elephant simulacrum (Lair:1)
  4 howler monkeys
  6 orc priests
  6 hounds
  5 jellies
  Jessica (D:3)
  Ijyb (D:5)
  5 iguanas
  3 orc wizards
  5 gnolls
  9 adders
  2 shadow imps
  3 white imps
  An ufetubus (D:6)
  10 orcs
  7 bats
  6 endoplasms
  3 giant cockroaches
  7 goblins
  7 hobgoblins
  2 quokkas (D:4)
  3 ball pythons
  6 frilled lizards
  16 kobolds
  11 rats
202 creatures vanquished.

Vanquished Creatures (others)
  An unseen horror (D:7)
  A plant (D:7)
2 creatures vanquished.

Grand Total: 204 creatures vanquished

Notes
Turn   | Place    | Note
-------+----------+-------------------------------------------
     0 | D:1      | Bnni the Meteoran Fighter began the quest for the Orb.
     0 | D:1      | Reached XP level 1. HP: 19/19 MP: 2/2
   134 | D:1      | Reached skill level 3 in Maces & Flails
   134 | D:1      | Reached XP level 2. HP: 26/26 MP: 3/3
   481 | D:2      | Reached XP level 3. HP: 28/31 MP: 4/4
   520 | D:2      | Noticed Sigmund
   528 | D:2      | Killed Sigmund
   529 | D:2      | Reached skill level 5 in Maces & Flails
   529 | D:2      | Reached skill level 5 in Shields
   529 | D:2      | Reached XP level 4. HP: 30/41 MP: 5/5
   529 | D:2      | Reached XP level 5. HP: 34/47 MP: 6/6
   529 | D:2      | Reached XP level 6. HP: 39/53 MP: 7/7
   729 | D:2      | Reached skill level 6 in Maces & Flails
   803 | D:2      | Found an ornate altar of the Wu Jian Council.
   852 | D:2      | Found Uteust's Distillery.
   860 | D:2      | Bought a potion of curing for 33 gold pieces
   860 | D:2      | Bought a potion of heal wounds for 55 gold pieces
  1073 | D:2      | Glimpsed the power of Zot.
  1121 | D:2      | Glimpsed the power of Zot.
  1161 | D:2      | Glimpsed the power of Zot.
  1171 | D:2      | Touched by the power of Zot.
  1579 | D:3      | Noticed Jessica
  1597 | D:3      | Killed Jessica
  1598 | D:3      | Reached XP level 7. HP: 38/48 MP: 8/8
  1786 | D:4      | Noticed Edmund
  1809 | D:4      | HP: 1/48 [Edmund/+1 vorpal flail (2)]
  1811 | D:4      | Killed Edmund
  1812 | D:4      | Reached skill level 5 in Fighting
  1812 | D:4      | Reached skill level 7 in Maces & Flails
  2085 | D:4      | Reached skill level 8 in Maces & Flails
  2192 | D:4      | Reached XP level 8. HP: 38/58 MP: 9/9
  2464 | D:4      | Glimpsed the power of Zot.
  2514 | D:4      | Glimpsed the power of Zot.
  2530 | D:5      | Entered Level 5 of the Dungeon
  2551 | D:5      | Reached skill level 9 in Maces & Flails
  2587 | D:5      | Noticed Ijyb
  2592 | D:5      | Paralysed by Ijyb for 2 turns
  2606 | D:5      | Killed Ijyb
  2677 | D:5      | Found a staircase to the Ecumenical Temple.
  2686 | Temple   | Entered the Ecumenical Temple
  2805 | Temple   | Became a worshipper of Warmaster Okawaru
  2874 | D:5      | Reached skill level 10 in Maces & Flails
  2874 | D:5      | Reached skill level 1 in Invocations
  3119 | D:6      | Gained mutation: You passively map the area around you.
                  | [Meteoran growth]
  3119 | D:6      | Reached XP level 9. HP: 66/66 MP: 11/11
  3163 | D:6      | Reached * piety under Okawaru
  3182 | D:6      | Reached skill level 11 in Maces & Flails
  3350 | D:6      | Found Nubeum's Weapon Shoppe.
  3501 | D:6      | Reached skill level 12 in Maces & Flails
  3507 | D:6      | Reached ** piety under Okawaru
  3603 | D:7      | Found Hasipefarch's CLEARANCE SALE!.
  3611 | D:7      | Bought a potion of invisibility for 16 gold pieces
  3660 | D:7      | Reached skill level 5 in Invocations
  3660 | D:7      | Reached XP level 10. HP: 51/75 MP: 14/14
  3941 | D:7      | Reached *** piety under Okawaru
  3942 | D:7      | Reached skill level 13 in Maces & Flails
  4150 | D:7      | Noticed a komodo dragon
  4169 | D:7      | Killed a komodo dragon
  4170 | D:7      | Reached XP level 11. HP: 55/83 MP: 17/17
  4174 | D:7      | Reached **** piety under Okawaru
  4185 | D:7      | Reached skill level 14 in Maces & Flails
  4185 | D:7      | Identified the ring of the Marlin {rN+ Int+9 Stlth+}
  4208 | D:7      | Identified the ring "Asaquteo" {Will+ rCorr}
  4213 | D:7      | Identified the ring "Kitaifenue" {rF+ Str+6 Dex-3 Stlth+}
  4222 | D:7      | Identified the amulet of Etwufreoq {Reflect +Blink SH+5}
  4384 | D:7      | Got the Folio of Wanderlust and Production
  4453 | D:7      | Glimpsed the power of Zot.
  4503 | D:7      | Glimpsed the power of Zot.
  4543 | D:7      | Glimpsed the power of Zot.
  4553 | D:7      | Touched by the power of Zot.
  4626 | D:8      | Noticed Joseph
  4637 | D:8      | Killed Joseph
  4759 | D:8      | Reached ***** piety under Okawaru
  4946 | D:8      | Found a staircase to the Lair.
  4963 | Lair:1   | Entered Level 1 of the Lair of Beasts
  4976 | Lair:1   | Found a frozen archway.
  4997 | IceCv    | Entered an ice cave
  5011 | IceCv    | Received a gift from Okawaru
  5041 | IceCv    | Noticed a death yak
  5045 | IceCv    | Reached skill level 10 in Fighting
  5084 | IceCv    | Killed a death yak
  5085 | IceCv    | Reached skill level 10 in Shields
  5096 | IceCv    | Reached XP level 12. HP: 53/77 MP: 20/20
  5131 | IceCv    | Killed from afar by a rime drake

Illustrated notes

Levels and vault maps discovered:
D:1:      minmay_arrival_radiant_lines, layout_basic, minmay_pentomino_q2
D:2:      minmay_chambers_of_ones, layout_loops_ring, serial_shops, shop,
          basic_altar, grunt_decor_arrowhead, minmay_rat_gold_closets,
          uniq_sigmund
D:3:      layout_loops_cross, uniq_jessica
D:4:      minmay_polygon_palace, layout_layer_cave, serial_shops,
          shop_fountains, kennysheep_generic_room_4, uniq_edmund
D:5:      layout_loops_cross, minmay_temple_entry_statues_pillars,
          chequers_serial_rivers_small_3, uniq_ijyb
D:6:      layout_cave_pools, serial_shops, nicolae_shop_waterfront,
          minmay_joined_circles
D:7:      minmay_the_grid_triangle_9x9_rhombus_full
          [minmay_the_grid_triangle_9x9_cache,
          minmay_the_grid_triangle_9x9_alien,
          minmay_the_grid_triangle_9x9_minimal,
          minmay_the_grid_triangle_9x9_descending_squares,
          minmay_the_grid_triangle_9x9_negative_grid,
          minmay_the_grid_triangle_9x9_semitri,
          minmay_the_grid_triangle_9x9_shrine,
          minmay_the_grid_triangle_9x9_prize_special], layout_basic,
          serial_bayou_pond_a, nicolae_shop_clearance
D:8:      layout_loops_ring, erik_lair_orcish_takeover, centaur_isle,
          uniq_joseph
Temple:   jpeg_temple_clearing
Lair:1:   layout_layer_cave, portal_ice_cave_entry_ice_simulacra,
          serial_bayou_shore_b
IceCv:    ice_cave_small_giant

Skill      XL: |  1  2  3  4  5  6  7  8  9 10 11 |
---------------+----------------------------------+-----
Maces & Flails | 3 5 6 8 10 12 13 14 | 14.0
Shields        | 4 5 7 10 | 10.0
Fighting       | 4 5 6 7 8 10 | 10.5
Invocations    | 1 5 7 9 |  9.7
Armour         | 4 |  4.6

Action                   |  1- 3 |  4- 6 |  7- 9 | 10-12 || total
-------------------------+-------+-------+-------+-------++-------
Melee: Flail             |    64 |   114 |   269 |   361 ||   808
Throw: Dart              |       |       |     4 |     1 ||     5
       Boomerang         |       |       |       |     2 ||     2
Invok: Heroism           |       |       |     1 |     8 ||     9
       Finesse           |       |       |       |     1 ||     1
Evoke: Wand              |       |       |       |     1 ||     1
  Use: Potion            |     1 |       |     5 |     2 ||     8
       Scroll            |       |     1 |     9 |     1 ||    11
Armor: Scale mail        |    35 |    46 |   146 |       ||   227
       Plate armour      |       |       |       |   145 ||   145
Dodge: Dodged            |    31 |    38 |    80 |    60 ||   209
Block: Buckler           |    29 |    18 |    66 |     5 ||   118
       Kite shield       |       |       |       |   221 ||   221
       Reflection        |       |       |       |     4 ||     4

Table legend: (Time is in decaauts)
 A = Elapsed time spent in this place.
 B = Non-inter-level travel time spent in this place.
 C = Inter-level travel time spent in this place.
 D = Time resting spent in this place.
 E = Time spent auto-exploring this place.
 F = Levels seen in this place.
 G = Mean time per level.
                   A        B        C        D        E       F      G
               +--------+--------+--------+--------+--------+-----+--------+
         Total |   5063 |   4186 |    877 |     73 |     37 |  11 |  460.3 |
       Dungeon |   4796 |   3966 |    830 |     73 |      0 |   8 |  599.5 |
        Temple |    142 |     95 |     47 |      0 |     37 |   1 |  142.0 |
          Lair |     31 |     31 |      0 |      0 |      0 |   1 |   31.0 |
      Ice Cave |     93 |     93 |      0 |      0 |      0 |   1 |   93.0 |
               +--------+--------+--------+--------+--------+-----+--------+

Top non-repeatable levels by time:
     D:7: 938 daAuts
     D:4: 855 daAuts
     D:2: 777 daAuts
     D:1: 486 daAuts
     D:6: 463 daAuts
     D:3: 446 daAuts
     D:5: 431 daAuts
     D:8: 395 daAuts
  Temple: 142 daAuts
   IceCv: 93 daAuts
  Lair:1: 31 daAuts
